 Dungeon Crawl Stone Soup version 0.21.1-1-g345015f (webtiles) character file.

2510 Kagorn the Skirmisher (level 9, -15/59 HPs)
             Began as a Gargoyle Fighter on July 26, 2018.
             Killed from afar by an efreet (21 damage)
             ... with a bolt of fire
             ... on level 8 of the Dungeon.
             The game lasted 00:27:05 (3105 turns).

Kagorn the Skirmisher (Gargoyle Fighter)            Turns: 3105, Time: 00:27:06

Health: -15/59     AC: 19    Str: 21    XL:     9   Next: 53%
Magic:  9/9        EV:  9    Int: 10    God:
Gold:   88         SH: 12    Dex: 10    Spells: 8/8 levels left

rFire    . . .     SeeInvis .   a - +9 short sword of Circularity {pierce, rC+}
rCold    + . .     Gourm    .   n - +2 shield
rNeg     + . .     Faith    .   p - +2 scale mail {MR+}
rPois    ∞         Spirit   .   (no helmet)
rElec    +         Reflect  .   (no cloak)
rCorr    +         Harm     .   h - +2 pair of gloves
MR       ++...                  (no boots)
Stlth    +.........             (no amulet)
HPRegen  0.19/turn              g - ring of resist corrosion
MPRegen  0.11/turn              l - ring of protection from magic

@: no status effects
A: negative energy resistance 1, electricity resistance, unbreathing,
petrification resistance, rot immunity, AC +6
a: no special abilities


You were on level 8 of the Dungeon.
You were not hungry.

You visited 1 branch of the dungeon, and saw 6 of its levels.

You collected 297 gold pieces.
You spent 209 gold pieces at shops.

Inventory:

Hand Weapons
 a - the +9 short sword of Circularity (weapon) {pierce, rC+}
   (You found it on level 4 of the Dungeon)

   It inflicts extra damage upon your enemies.
   It protects you from cold.
 o - a +2 war axe of flaming
 t - a +2 hunting sling of freezing
Missiles
 e - 177 stones (quivered)
Armour
 c - the +3 shield of Gluttony {rF- rN++ Str+6}
   (You bought it in a shop on level 5 of the Dungeon)

   It affects your strength (+6).
   It makes you vulnerable to fire.
   It greatly protects you from negative energy.
 h - a +2 pair of gloves (worn)
 n - a +2 shield (worn)
 p - a +2 scale mail of magic resistance (worn)
Jewellery
 g - a ring of resist corrosion (left hand)
 l - a ring of protection from magic (right hand)
Wands
 m - a wand of digging (8)
 v - a wand of iceblast (9)
Scrolls
 b - a scroll of magic mapping
 k - a scroll of identify
 s - a scroll of remove curse
Potions
 d - 2 potions of might
 i - a potion of brilliance
 j - a potion of haste
 r - a potion of flight {unknown}
Books
 q - a book of Enchantments

   Spells                             Type                      Level
   a - Cause Fear                     Hexes                        4
   b - Yara's Violent Unravelling     Hexes/Transmutation          5
   c - Silence                        Hexes/Air                    5
   d - Deflect Missiles               Charms/Air                   6
   e - Discord                        Hexes                        8
 u - a book of Conjurations

   Spells                             Type                      Level
   a - Magic Dart                     Conjuration                  1
   b - Searing Ray                    Conjuration                  2
   c - Dazzling Spray                 Conjuration/Hexes            3
   d - Fulminant Prism                Conjuration/Hexes            4
   e - Force Lance                    Conjuration/Translocation    4
   f - Iskenderun's Mystic Blast      Conjuration                  4
Comestibles
 f - 3 rations


   Skills:
 * Level 7.8 Fighting
 * Level 4.8(5.1) Short Blades
   Level 2.5(4.0) Long Blades
 - Level 1.8 Axes
 + Level 5.9 Armour
 + Level 3.3 Dodging
 + Level 5.0 Stealth
 + Level 5.8 Shields


You had 8 spell levels left.
You didn't know any spells.

Dungeon Overview and Level Annotations

Branches:
Dungeon (5/15)               Lair (0/6) D:8
 Temple: D:4-7

Altars:

Shops:
D:5 [


Innate Abilities, Weirdness & Mutations

You are resistant to torment.
Your stone body is resilient. (AC +6)
You are immune to poison.
You resist negative energy. (rN+)
You are resistant to electric shocks. (rElec)
You can survive without breathing.
You are immune to petrification.
You are immune to rotting.


Message History

You puncture the iguana!
You kill the iguana!
You puncture the efreet!
The efreet is heavily wounded.
The efreet gestures at you. The bolt of fire hits you!
* * * LOW HITPOINT WARNING * * *
You hit the efreet.
The efreet is heavily wounded.
The efreet misses you.
You hit the efreet but do no damage.
The efreet is heavily wounded.
The efreet barely misses you.
You hit the efreet but do no damage.
The efreet is heavily wounded.
You hit the efreet but do no damage.
The efreet is heavily wounded.
The efreet gestures at you. The bolt of fire hits you!
You die...

#>.................
#.###########.#....
#.###########.....#
#.#####..................
#........################
########.# #..... #.#
#.###. #.# #...(. #@#
#######. #.R...# #..†..#.
###...# #.###.## ###..#
#.# #.## .# #.# #... #.#
#... #.# #... #.# ##..
#.######


You could see an efreet.

Vanquished Creatures
  The ghost of Arttu the Ruffian, a novice DrTm of Cheibriados (D:8)
  An ugly thing (D:8)
  A hippogriff (D:8)
  A slime creature (D:8)
  An ice beast (D:8)
  2 sky beasts
  An ogre (D:8)
  A crocodile (D:8)
  A scorpion (D:8)
  A jelly (D:4)
  5 orc priests
  3 worker ants
  An iguana (D:8)
  5 orc wizards
  A hound zombie (D:8)
  A howler monkey skeleton (D:4)
  6 gnolls
  10 adders
  2 oozes (D:2)
  An adder skeleton (D:8)
  3 worms
  A dart slug (D:3)
  3 leopard geckos
  22 orcs
  A giant cockroach (D:3)
  3 goblins
  4 hobgoblins
  6 jackals
  11 kobolds
  3 quokkas
  3 ball pythons
  7 bats
  4 frilled lizards
  A jackal skeleton (D:4)
  6 rats
124 creatures vanquished.

Notes
Turn   | Place    | Note
-------+----------+-------------------------------------------
     0 | D:1      | Kagorn the Gargoyle Fighter began the quest for the Orb.
     0 | D:1      | Reached XP level 1. HP: 14/14 MP: 1/1
    61 | D:1      | Reached XP level 2. HP: 19/19 MP: 2/2
   415 | D:1      | Reached XP level 3. HP: 22/24 MP: 3/3
   634 | D:2      | Reached skill level 1 in Stealth
   744 | D:2      | Reached XP level 4. HP: 22/29 MP: 4/4
   756 | D:2      | Reached skill level 4 in Fighting
  1113 | D:2      | Found a faded altar of an unknown god.
  1243 | D:3      | Reached XP level 5. HP: 30/33 MP: 5/5
  1255 | D:3      | Reached skill level 1 in Short Blades
  1255 | D:3      | Reached skill level 1 in Dodging
  1493 | D:3      | Noticed a sky beast
  1507 | D:3      | Killed a sky beast
  1507 | D:3      | Reached skill level 1 in Axes
  1507 | D:3      | Reached XP level 6. HP: 34/39 MP: 6/6
  1850 | D:4      | Reached skill level 5 in Fighting
  1889 | D:4      | Got a brightly glowing short sword
  1890 | D:4      | Identified the +9 short sword of Circularity {pierce, rC+} (You found it on level 4 of the Dungeon)
  1906 | D:4      | Reached XP level 7. HP: 29/44 MP: 7/7
  2574 | D:5      | Entered Level 5 of the Dungeon
  2574 | D:5      | Found Jeeck's Antique Armour Shop.
  2598 | D:5      | Bought a shimmering shield for 209 gold pieces
  2608 | D:5      | Identified the +3 shield of Gluttony {rF- rN++ Str+6} (You bought it in a shop on level 5 of the Dungeon)
  2706 | D:5      | You fall through a shaft for 3 floors!
  2804 | D:8      | Reached XP level 8. HP: 51/51 MP: 8/8
  2854 | D:8      | Reached skill level 6 in Fighting
  2899 | D:8      | Found a staircase to the Lair.
  2959 | D:8      | Noticed a hippogriff
  2970 | D:8      | Killed a hippogriff
  2970 | D:8      | Reached skill level 5 in Armour
  3001 | D:8      | Reached skill level 5 in Shields
  3045 | D:8      | Noticed Arttu's ghost (novice DrTm)
  3045 | D:8      | Noticed a purple ugly thing
  3048 | D:8      | Noticed a slime creature
  3067 | D:8      | Killed Arttu's ghost
  3067 | D:8      | Reached skill level 7 in Fighting
  3067 | D:8      | Reached XP level 9. HP: 29/57 MP: 9/9
  3077 | D:8      | Killed a purple ugly thing
  3085 | D:8      | Noticed an efreet
  3099 | D:8      | Reached skill level 5 in Stealth
  3105 | D:8      | Killed from afar by an efreet

Skill      XL: |  1  2  3  4  5  6  7  8  9 |
---------------+----------------------------+-----
Long Blades    | 2 |  2.5
Stealth        | 1 2 3 4 5 |  5.0
Fighting       | 4 5 7 |  7.8
Short Blades   | 1 2 4 |  4.8
Dodging        | 1 2 3 |  3.3
Armour         | 4 5 |  5.9
Axes           | 1 |  1.8
Shields        | 4 5 |  5.8

Action                   |  1- 3 |  4- 6 |  7- 9 || total
-------------------------+-------+-------+-------++-------
Melee: Long sword        |   122 |    34 |       ||   156
       Short sword       |       |    71 |   158 ||   229
       War axe           |       |    92 |       ||    92
  Use: Scroll            |       |     8 |     1 ||     9
       Potion            |       |       |     4 ||     4
  Eat: Ration            |       |     2 |     1 ||     3
Armor: Ring mail         |    39 |       |       ||    39
       Scale mail        |     2 |    61 |    76 ||   139
       Chain mail        |    41 |    48 |       ||    89
Dodge: Dodged            |    49 |    46 |    39 ||   134
Block: Shield            |    71 |   112 |    63 ||   246
       Rpst.: Long sword |    14 |     2 |       ||    16
